 Dungeon Crawl Stone Soup version 0.20.0-15-g7f486f2 (webtiles) character file.

1947 Television the Protected (level 8, -3/73 HPs)
             Began as a Minotaur Berserker on June 19, 2017.
             Was a Priest of Trog.
             Slain by a phantom (7 damage)
             ... on level 9 of the Dungeon.
             The game lasted 00:03:16 (2213 turns).

Television the Protected (Minotaur Berserker)       Turns: 2213, Time: 00:03:16

Health: -3/73      AC:  9    Str: 24    XL:     8   Next: 98%
Magic:  7/7        EV: 13    Int:  4    God:    Trog [***...]
Gold:   127        SH:  0    Dex: 10    Spells: 7/7 levels left

rFire    . . .     SeeInvis .   a - +0 hand axe
rCold    . . .     Gourm    .   (no shield)
rNeg     . . .     Faith    .   e - +0 ring mail
rPois    .         Spirit   .   n - +2 hat
rElec    .         Reflect  .   (no cloak)
rCorr    .         Harm     .   (no gloves)
MR       .....                  (no boots)
Stlth    ..........             (no amulet)
Regen    0.3/turn               (no ring)
MPRegen  0.1/turn               (no ring)

@: berserk cooldown, slowed, very slow
A: retaliatory headbutt, horns 2
a: Berserk, Trog's Hand, Burn Spellbooks, Renounce Religion


You were on level 9 of the Dungeon.
You worshipped Trog.
Trog was most pleased with you.
You were hungry.

You visited 1 branch of the dungeon, and saw 8 of its levels.

You collected 127 gold pieces.

Inventory:

Hand Weapons
 a - a +0 hand axe (weapon)
Armour
 b - a +0 animal skin
 e - a +0 ring mail (worn)
 n - a +2 hat (worn)
Wands
 q - a wand of disintegration (6/24)
Scrolls
 d - a scroll of magic mapping {unknown}
 f - a scroll of teleportation {unknown}
 g - 3 scrolls of fog {unknown}
 i - 5 scrolls of fear {unknown}
 m - 2 scrolls of remove curse {unknown}
 o - a scroll of noise {unknown}
 p - a scroll of immolation {unknown}
 r - 3 scrolls of recharging {unknown}
 u - a scroll of identify {unknown}
 w - a scroll of random uselessness {unknown}
Potions
 j - a potion of degeneration {unknown}
 l - a potion of lignification {unknown}
 s - a potion of heal wounds {unknown}
 t - a potion of curing {unknown}
Comestibles
 c - a bread ration
 h - 4 fruits
 k - 2 royal jellies
 v - 4 chunks of flesh


   Skills:
 + Level 7.3 Fighting
 + Level 7.2 Axes
 * Level 9.0 Armour
 + Level 6.1 Dodging


You had 7 spell levels left.
You didn't know any spells.

Dungeon Overview and Level Annotations

Branches:
Dungeon (7/15)             Temple (0/1) D:7

Altars:
Qazlal
Ru
Vehumet


Innate Abilities, Weirdness & Mutations

You reflexively headbutt those who attack you in melee.
You have a pair of horns on your head.


Message History

The phantom closely misses you. You furiously retaliate!
You headbutt the phantom!! You hit the phantom.
Your headbutt misses the phantom.
The phantom is severely damaged.
The phantom hits you.
* * * LOW HITPOINT WARNING * * *
The phantom blinks!
You are no longer berserk.
You are exhausted.
You feel yourself slow down.
The phantom hits you but does no damage.
You hit the phantom. Your headbutt misses the phantom.
The phantom is almost destroyed.
The phantom hits you but does no damage.
You closely miss the phantom.
The phantom is almost destroyed.
The phantom hits you.
* * * LOW HITPOINT WARNING * * *
The phantom hits you!
You die...

.......... #.........
#......... #.#.
......#######.........
#.#.##...#.........[.......
...........#######.........
.#..........######.........
..............#............
##..............@..........
#...............W......####
#......................# 8#
........)....#.........##
..
.......(...............##..
..
##......(...#.....#.##.#_..
..
##.............#..#..#.##..
.
.#..........#..#.......##8.
.##.#####.###..#.......# ##


You could see a phantom.

Vanquished Creatures
  A troll (D:9)
  2 hippogriffs (D:7)
  Sigmund (D:3)
  2 ogres
  2 centaurs (D:9)
  2 phantoms (D:5)
  2 bullfrogs
  A scorpion (D:4)
  4 killer bees (D:9)
  A howler monkey (D:4)
  A jelly (D:9)
  2 hounds
  2 orc wizards (D:6)
  An orc priest (D:6)
  Ijyb (D:3)
  3 worker ants
  A hound skeleton (D:4)
  4 adders
  A dart slug (D:1)
  A leopard gecko (D:6)
  4 orcs
  2 giant cockroaches (D:1)
  A goblin (D:1)
  7 hobgoblins
  3 ball pythons
  2 bats
  3 frilled lizards
  2 kobolds
  8 rats
67 creatures vanquished.

Notes
Turn   | Place    | Note
-------+----------+-------------------------------------------
     0 | D:1      | Television the Minotaur Berserker began the quest for the Orb.
     0 | D:1      | Reached XP level 1. HP: 19/19 MP: 0/0
   135 | D:1      | Reached XP level 2. HP: 24/27 MP: 1/1
   393 | D:1      | Reached skill level 3 in Armour
   490 | D:2      | Reached ** piety under Trog
   614 | D:3      | Noticed Sigmund
   623 | D:3      | Killed Sigmund
   623 | D:3      | Reached skill level 4 in Armour
   623 | D:3      | Reached XP level 3. HP: 12/34 MP: 2/2
   623 | D:3      | Reached XP level 4. HP: 14/41 MP: 3/3
   623 | D:3      | Reached XP level 5. HP: 16/47 MP: 4/4
   762 | D:3      | Found a radiant altar of Vehumet.
   785 | D:3      | Noticed Ijyb
   797 | D:3      | Killed Ijyb
  1013 | D:4      | Reached skill level 5 in Axes
  1013 | D:4      | Reached skill level 5 in Armour
  1013 | D:4      | Reached XP level 6. HP: 52/55 MP: 5/5
  1067 | D:4      | Reached skill level 5 in Fighting
  1217 | D:5      | Entered Level 5 of the Dungeon
  1251 | D:5      | Reached XP level 7. HP: 61/61 MP: 6/6
  1252 | D:5      | Reached skill level 6 in Armour
  1413 | D:6      | Reached skill level 7 in Armour
  1413 | D:6      | Reached skill level 5 in Dodging
  1464 | D:7      | Noticed a hippogriff
  1466 | D:7      | Found a staircase to the Ecumenical Temple.
  1472 | D:7      | Killed a hippogriff
  1472 | D:7      | Reached XP level 8. HP: 16/71 MP: 7/7
  1667 | D:7      | Noticed a hippogriff
  1676 | D:7      | Killed a hippogriff
  1845 | D:7      | You fall through a shaft for 2 floors!
  1891 | D:9      | Found a stormy altar of Qazlal.
  1919 | D:9      | Reached skill level 8 in Armour
  1925 | D:9      | Reached *** piety under Trog
  2188 | D:9      | Found a sacrificial altar of Ru.
  2192 | D:9      | Noticed a troll
  2204 | D:9      | Killed a troll
  2204 | D:9      | Reached skill level 9 in Armour
  2213 | D:9      | Slain by a phantom

Skill      XL: |  1  2  3  4  5  6  7  8 |
---------------+-------------------------+-----
Armour         | 4 5 7 9 |  9.0
Fighting       | 4 5 6 7 |  7.3
Axes           | 4 5 6 7 |  7.2
Dodging        | 3 4 5 6 |  6.1

Action                   |  1- 3 |  4- 6 |  7- 9 || total
-------------------------+-------+-------+-------++-------
Melee: Hand axe          |    46 |    49 |    88 ||   183
       Headbutt          |     7 |     9 |    19 ||    35
Invok: Berserk           |     1 |     2 |     4 ||     7
  Eat: Chunk             |       |     3 |     7 ||    10
Armor: Animal skin       |     6 |       |       ||     6
       Ring mail         |    12 |    18 |    35 ||    65
Dodge: Dodged            |    17 |    30 |    75 ||   122
